[Event "Late-Titled-Tuesday-Blitz-January-16-2024"]
[Site "Chess.com"]
[Date "2024.01.16"]
[Round "1"]
[White "albi1999"]
[Black "imdarealist"]
[Result "1-0"]
[WhiteElo "2620"]
[BlackElo "2267"]
[TimeControl "180+1"]
[EndTime "14:06:37 PST"]
[Termination "albi1999 won by checkmate"]

1. d4 Nf6 2. Nf3 e6 3. Bf4 b6 4. e3 Bb7 5. Be2 Be7 6. O-O O-O 7. c4 c5 8. Nc3 a6 9. d5 exd5 10. cxd5 d6 11. a4 Nbd7 12. h3 Re8 13. e4 Bf8 14. Qc2 Ne5 15. Nd2 Nfd7 16. Be3 Ng6 17. f4 f5 18.
Rae1 Nf6 19. Bf3 fxe4 20. Ndxe4 Nxe4 21. Bxe4 Be7 22. Bf5 Bf6 23. Be6+ Kh8 24. f5 Ne5 25. Ne4 b5 26. a5 Bc8 27. b3 Bxe6 28. fxe6 Rf8 29.
Qe2 Bh4 30. Rxf8+ Qxf8 31. Rf1 Qe7 32. Qh5 Bf6 33. Ng5 Bxg5 34. Bxg5 Qe8 35. Qxe8+ Rxe8 36. Be7 c4 37. Bxd6 Nd3 38. bxc4 bxc4 39. e7 Rxe7 40.
Rf8# 1-0

[Event "Late-Titled-Tuesday-Blitz-January-16-2024"]
[Site "Chess.com"]
[Date "2024.01.16"]
[Round "1"]
[White "Alexei_Gubajdullin"]
[Black "GMJustin"]
[Result "1-0"]
[WhiteElo "2648"]
[BlackElo "2342"]
[TimeControl "180+1"]
[EndTime "14:06:39 PST"]
[Termination "Alexei_Gubajdullin won on time"]

1. d4 Nf6 2. Nf3 d5 3. Bf4 c5 4. e3 Nc6 5. Nbd2 cxd4 6. exd4 a6 7. c3 Bf5 8. Qb3 Na5 9. Qd1 Qb6 10. b4 Nc6 11.
Nb3 e6 12. Nc5 Be7 13. Bd3 Bxd3 14. Qxd3 Qb5 15. Qxb5 axb5 16. Nxb7 Ne4 17. Bd2 Kd7 18. Ne5+ Nxe5 19. dxe5 Ra3 20. Be3 Rc8 21. O-O Rcxc3 22. Rfb1 Rc2 23. h4 Rcxa2 24. Rxa2 Rxa2 25. h5 Nc3 26. Rb3 d4 27. Bxd4 Ne2+ 28. Kh2 Nxd4 29. Rd3 Kc7 30.
Na5 Bxb4 31. Nb3 Nxb3 32. Rxb3 Bc5 33. Rxb5 1-0

[Event "Late-Titled-Tuesday-Blitz-January-16-2024"]
[Site "Chess.com"]
[Date "2024.01.16"]
[Round "1"]
[White "Javylavilla"]
[Black "yaguigor"]
[Result "1-0"]
[WhiteElo "2352"]
[BlackElo "2630"]
[TimeControl "180+1"]
[EndTime "14:06:40 PST"]
[Termination "Javylavilla won on time"]

1. e4 c5 2. Nf3 Nc6 3. Bb5 Nf6 4. e5 Ng4 5. Bxc6 dxc6 6. O-O g6 7. h3 Nh6 8. d3 Bg7 9. Nc3 Nf5 10. Ne4 b6 11. Re1 Rg8 12. Bf4 Kf8 13. e6 f6 14.
c3 Bxe6 15. Nxc5 Bf7 16. Ne6+ Bxe6 17. Rxe6 Qd7 18. Qe2 Kf7 19. Re1 Rge8 20. g4 Nh6 21. Nd4 c5 22. Nc6 Ng8 23. d4 cxd4 24. cxd4 Rac8 25.
Qc4 Kf8 26. d5 f5 27. Bg5 Bf6 28. Bxf6 exf6 29. gxf5 gxf5 30. Qh4 Qxd5 31. Qb4+ Kf7 32. Ne7 Nxe7 33. Rxe7+ Rxe7 34. Qxe7+ Kg6 35. Kh2 1-0

[Event "Late-Titled-Tuesday-Blitz-January-16-2024"]
[Site "Chess.com"]
[Date "2024.01.16"]
[Round "1"]
[White "arenal72"]
[Black "Rgoltsman"]
[Result "1-0"]
[WhiteElo "2580"]
[BlackElo "2199"]
[TimeControl "180+1"]
[EndTime "14:06:40 PST"]
[Termination "arenal72 won by resignation"]

1. Nf3 Nf6 2. g3 g6 3. Bg2 Bg7 4. O-O O-O 5. c4 c5 6. Nc3 Nc6 7. d4 cxd4 8. Nxd4 a6 9. Nc2 d6 10. e4 Be6 11. Ne3 Rc8 12. Bd2 Ne5 13. b3 Nfd7 14. a4 Nc5 15. a5 h5 16. Ncd5 Ng4 17. Ra2 Nxe3 18. Bxe3 Bxd5 19. exd5 Qd7 20.
b4 Ne6 21. dxe6 Qxe6 22. Bxb7 Rb8 23. Bd5 Qf5 24. Qb1 Qg4 25. b5 e6 26. Bg2 Qxc4 27. b6 d5 28. Rc1 Qg4 29. h3 Qf5 30. Qxf5 gxf5 31. Rac2 d4 32. Bd2 e5 33. Bf1 e4 34.
Bxa6 Be5 35. Rc5 f6 36. b7 Kg7 37. Rc8 h4 38. Rxf8 Rxf8 39. Rc8 hxg3 40. Bh6+ Kxh6 41.
Rxf8 gxf2+ 42. Kxf2 e3+ 43. Ke2 f4 44. b8=Q Bxb8 45. Rxb8 d3+ 46. Bxd3 1-0

[Event "Late-Titled-Tuesday-Blitz-January-16-2024"]
[Site "Chess.com"]
[Date "2024.01.16"]
[Round "1"]
[White "TanitoluwaAps116"]
[Black "PapaieDudu"]
[Result "1-0"]
[WhiteElo "2724"]
[BlackElo "2402"]
[TimeControl "180+1"]
[EndTime "14:06:42 PST"]
[Termination "TanitoluwaAps116 won by resignation"]

1. e4 c5 2. Nf3 d6 3. Bb5+ Bd7 4. Bxd7+ Qxd7 5. O-O Nc6 6. c3 Nf6 7. d4 cxd4 8. cxd4 d5 9. e5 Ne4 10. Ne1 f6 11. f3 Ng5 12. Bxg5 fxg5 13. Nd3 e6 14. Nc3 Nxd4 15. f4 Nf5 16. Qe2 Be7 17. g4 Nh4 18. f5 O-O 19. Rad1 Rac8 20. Nf2 Bc5 21. Kh1 exf5 22. Nxd5 Qc6 23. gxf5 Rxf5 24. Ne4 Rxe5 25. Qc4 b5 26. Ne7+ Kh8 27. Nxc6 bxc4 28. Nxe5 Re8 29. Nxc5 1-0

[Event "Late-Titled-Tuesday-Blitz-January-16-2024"]
[Site "Chess.com"]
[Date "2024.01.16"]
[Round "1"]
[White "Walter_White_Poland"]
[Black "YurasovMat-2012"]
[Result "1-0"]
[WhiteElo "2348"]
[BlackElo "2626"]
[TimeControl "180+1"]
[EndTime "14:06:42 PST"]
[Termination "Walter_White_Poland won by checkmate"]

1. e4 e5 2. Nf3 Nf6 3. d4 Nxe4 4. Bd3 Nc6 5. Bxe4 d5 6. Bg5 Be7 7. Bxe7 Nxe7 8. dxe5 dxe4 9. Qxd8+ Kxd8 10. Ng5 Ke8 11. Nc3 Nc6 12. Nd5 Kd7 13. O-O-O Nxe5 14. Nb6+ Kc6 15. Nxa8 Bf5 16. Nxc7 Kxc7 17. Rhe1 Kb8 18. Nxe4 Rc8 19. f3 Bg6 20. Rd2 Nc4 21. Rd4 a5 22. c3 Rc6 23. b3 Ne5 24. Kb2 a4 25. Nf2 axb3 26. Rxe5 bxa2 27. Kxa2 Rxc3 28. Ne4 Rc2+ 29. Kb3 Rxg2 30. Re7 Rg1 31. Rb4 Rb1+ 32. Kc3 Rc1+ 33. Kd2 Ra1 34. Rbxb7+ Ka8 35. Nc5 Ra2+ 36. Ke3 Ra3+ 37.
Kf4 Bh5 38. Re8# 1-0

[Event "Late-Titled-Tuesday-Blitz-January-16-2024"]
[Site "Chess.com"]
[Date "2024.01.16"]
[Round "1"]
[White "MikaelyanArman"]
[Black "The_Straightforward_Rook"]
[Result "1-0"]
[WhiteElo "2857"]
[BlackElo "2462"]
[TimeControl "180+1"]
[EndTime "14:06:43 PST"]
[Termination "MikaelyanArman won by resignation"]

1. d4 d5 2. Nf3 Nf6 3. c4 c6 4. e3 e6 5. Nc3 Nbd7 6. Qc2 Bd6 7. b3 O-O 8. Be2 Re8 9. O-O e5 10.
dxe5 Nxe5 11. cxd5 cxd5 12. Bb2 a6 13. Rad1 Be6 14. Nd4 Rc8 15. Qb1 Ng6 16. Nxe6 fxe6 17. g3 Qe7 18. Bf3 Qf7 19. Bg2 Be5 20. Ne2 Bxb2 21. Qxb2 h5 22. h3 h4 23. g4 Rc7 24.
Rc1 Rec8 25. Nd4 Ne5 26. Rxc7 Rxc7 27. Nb5 axb5 28. Qxe5 Rc2 29. Qb8+ Kh7 30. Qf4 Qg6 31. g5 Ne4 32. Qxh4+ Kg8 33. Bxe4 Qxe4 34. Qxe4 dxe4 35. Rd1 Rxa2 36. Rd4 Kh7 37. Rxe4 Kg6 38. Rxe6+ Kxg5 39. Re5+ Kh4 40. Kg2 g5 41. Rxb5 1-0

[Event "Late-Titled-Tuesday-Blitz-January-16-2024"]
[Site "Chess.com"]
[Date "2024.01.16"]
[Round "1"]
[White "dropstoneDP"]
[Black "Petukhov_Dmitry"]
[Result "1-0"]
[WhiteElo "3015"]
[BlackElo "2515"]
[TimeControl "180+1"]
[EndTime "14:06:44 PST"]
[Termination "dropstoneDP won by resignation"]

1. e4 c5 2. Nf3 d6 3. d4 cxd4 4. Nxd4 Nf6 5. Nc3 Nc6 6. Bg5 Bd7 7. Nxc6 Bxc6 8. Bxf6 gxf6 9. Bb5 Bxb5 10. Nxb5 e6 11.
O-O Be7 12. c4 a6 13. Nd4 Rc8 14. b3 Qa5 15. Qe2 Rg8 16. g3 h5 17. h4 Qc5 18. Rad1 Bd8 19. Kg2 Bb6 20. Nc2 Qc6 21.
Nb4 Qc7 22. Qxh5 Bc5 23. Nd3 Qc6 24. Qf3 Ke7 25. Rfe1 Rg7 26. Nxc5 Qxc5 27. Rd3 Qe5 28. Red1 Rc6 29. Qe3 b6 30. R1d2 Rg6 31. b4 Rg8 32. a3 Rd8 33. Rd4 Rdc8 34. Qe2 f5 35. f4 Qg7 36. exf5 Rg8 37. Qf3 Rgc8 38. fxe6 fxe6 39.
Qe4 b5 40. c5 d5 41. Rxd5 Kf7 42. Rd7+ 1-0

[Event "Late-Titled-Tuesday-Blitz-January-16-2024"]
[Site "Chess.com"]
[Date "2024.01.16"]
[Round "1"]
[White "EddieUrquhart"]
[Black "Korchmar_Vasiliy"]
[Result "1-0"]
[WhiteElo "2425"]
[BlackElo "2720"]
[TimeControl "180+1"]
[EndTime "14:06:44 PST"]
[Termination "EddieUrquhart won by resignation"]

1. e4 c5 2. Nc3 d6 3. f4 Nc6 4. Nf3 e6 5. Bb5 Bd7 6. d3 Nf6 7. O-O Be7 8. Bxc6 Bxc6 9. Qe1 O-O 10.
Qg3 b5 11. f5 Kh8 12. fxe6 fxe6 13. Qh3 Qc8 14. Ng5 e5 15. Rxf6 Qxh3 16. Rxf8+ Rxf8 17. Nxh3 c4 18. Bg5 Bxg5 19. Nxg5 b4 20. Nd5 Bxd5 21. exd5 cxd3 22. cxd3 Rc8 23. Nf7+ Kg8 24. Nxd6 Rd8 25. Nc4 Rxd5 26. Rd1 Kf7 27. Kf2 Ke6 28. Ke3 Rd4 29.
Rf1 h5 30. Rf8 Rg4 31. g3 h4 32. Re8+ Kf6 33. Nxe5 Rg5 34. Nf3 Ra5 35. Rb8 hxg3 36. hxg3 Ra4 37. b3 Rxa2 38. Rxb4 a5 39. Rb6+ Ke7 40.
g4 a4 41. bxa4 Rxa4 42. g5 Rg4 43. d4 Rg2 44. Ke4 Re2+ 45. Kd5 Rf2 46. Ne5 Rf5 47.
Rb7+ Kf8 48. g6 Rg5 49. Ke6 Rxe5+ 50. dxe5 1-0

[Event "Late-Titled-Tuesday-Blitz-January-16-2024"]
[Site "Chess.com"]
[Date "2024.01.16"]
[Round "1"]
[White "Megagigahiper3345"]
[Black "kaanadayhamle"]
[Result "1-0"]
[WhiteElo "2710"]
[BlackElo "2395"]
[TimeControl "180+1"]
[EndTime "14:06:44 PST"]
[Termination "Megagigahiper3345 won on time"]

1. e4 e5 2. Nf3 Nc6 3. Bc4 Bc5 4. Nc3 d6 5. Na4 Bb6 6. Nxb6 axb6 7. c3 Nf6 8. d3 h6 9. O-O O-O 10. h3 Bd7 11. Bb3 Qe7 12. Qe2 Be6 13. c4 b5 14. a3 bxc4 15. Bxc4 Bxc4 16. dxc4 Nd7 17. Be3 f5 18. exf5 Rxf5 19. Nd2 Raf8 20. b4 Nd8 21. a4 Ne6 22. a5 Nf4 23. Bxf4 Rxf4 24. b5 Nc5 25. a6 bxa6 26. bxa6 Ra8 27. a7 c6 28. g3 Rff8 29. Ne4 Rxa7 30. Rxa7 Qxa7 31.
Nxd6 Qe7 32. Ne4 1-0

[Event "Late-Titled-Tuesday-Blitz-January-16-2024"]
[Site "Chess.com"]
[Date "2024.01.16"]
[Round "1"]
[White "Bigfish1995"]
[Black "mortngabriel"]
[Result "1-0"]
[WhiteElo "3070"]
[BlackElo "2522"]
[TimeControl "180+1"]
[EndTime "14:06:45 PST"]
[Termination "Bigfish1995 won on time"]

1. e4 c5 2. Nf3 Nc6 3. Bb5 d6 4. O-O Nf6 5. e5 Nd5 6. d4 cxd4 7. Nxd4 Bd7 8. c4 Nxd4 9. Bxd7+ Qxd7 10. Qxd4 Nb4 11.
Qc3 Nc6 12. exd6 Qxd6 13. Be3 e5 14. Nd2 Be7 15. f4 O-O 16. Ne4 Qc7 17. f5 f6 18. a3 Rfd8 19. Rad1 Rxd1 20. Rxd1 Rd8 21. Rd5 b6 22. Qd3 Bf8 23. b4 Nd4 24. Bxd4 Rxd5 25.
cxd5 exd4 26. Qxd4 Qc1+ 27. Kf2 Qf4+ 28. Ke1 Qc1+ 29.
Ke2 Qxa3 30. d6 Qa2+ 31. Kf3 Qb3+ 32. Kg4 1-0

[Event "Late-Titled-Tuesday-Blitz-January-16-2024"]
[Site "Chess.com"]
[Date "2024.01.16"]
[Round "1"]
[White "BogdanDeac"]
[Black "xakevicius91"]
[Result "1/2-1/2"]
[WhiteElo "3029"]
[BlackElo "2525"]
[TimeControl "180+1"]
[EndTime "14:06:45 PST"]
[Termination "Game drawn by repetition"]

1. b3 c5 2. Bb2 Nc6 3. e3 b6 4.
d4 cxd4 5. exd4 e6 6. d5 exd5 7.
Qxd5 Nf6 8. Qd1 Bc5 9. Qe2+ Be7 10. Bxf6 gxf6 11. Qh5 Bb7 12. Nf3 Qc7 13. Bd3 Ne5 14. Nbd2 Nxf3+ 15. Nxf3 Bxf3 16. Qxf3 Qe5+ 17. Kd2 Bb4+ 18.
c3 Qxc3+ 19. Ke2 Qb2+ 20. Ke3 Bd2+ 21. Ke2 Bg5+ 22. Bc2 Qxc2+ 23. Kf1 O-O 24. h4 Bh6 25. Rh3 Bg7 26. Rg3 f5 27. Qf4 Rae8 28. Rxg7+ Kxg7 29. Qg5+ Kh8 30. Qf6+ Kg8 31. Qg5+ Kh8 32. Qf6+ Kg8 33.
Qg5+ Kh8 1/2-1/2

[Event "Late-Titled-Tuesday-Blitz-January-16-2024"]
[Site "Chess.com"]
[Date "2024.01.16"]
[Round "1"]
[White "secretsuperstar7"]
[Black "Fandorine"]
[Result "0-1"]
[WhiteElo "2509"]
[BlackElo "2968"]
[TimeControl "180+1"]
[EndTime "14:06:45 PST"]
[Termination "Fandorine won by checkmate"]

1. c4 g6 2. Nc3 Bg7 3. g3 d6 4.
Bg2 Nf6 5. e4 O-O 6. Nge2 c5 7.
d3 Nc6 8. O-O Nd4 9. Be3 Nd7 10.
Rb1 a5 11. a3 e5 12. b4 axb4 13. axb4 b6 14. f4 exf4 15. Nxf4 Ne5 16. h3 Bd7 17.
Ncd5 Bc6 18. Bxd4 cxd4 19. Ne2 Bxd5 20. cxd5 Ra3 21. Rb3 Rxb3 22. Qxb3 h5 23. Nxd4 h4 24. g4 Qg5 25. Nf3 Qe3+ 26. Kh1 Nxd3 27. Qc2 Nf4 28. Qd2 Qxd2 29. Nxd2 Ne2 30. Re1 Ng3+ 31. Kg1 Bc3 32. Rd1 Bxb4 33. Nc4 f6 34. Rb1 Bc5+ 35. Kh2 Ra8 36. Rb2 Ra1 37. Bf3 Rc1 38. Nxb6 Bd4 39. Rb3 Nf1+ 40. Kg2 Nd2 41. Rd3 Rg1+ 42. Kh2 Nf1# 0-1

[Event "Late-Titled-Tuesday-Blitz-January-16-2024"]
[Site "Chess.com"]
[Date "2024.01.16"]
[Round "1"]
[White "vladoboch"]
[Black "GothamChess"]
[Result "0-1"]
[WhiteElo "2425"]
[BlackElo "2752"]
[TimeControl "180+1"]
[EndTime "14:06:46 PST"]
[Termination "GothamChess won by resignation"]

1. e4 d5 2. exd5 Qxd5 3. Nc3 Qa5 4. d4 Nf6 5. Nf3 Bf5 6. Bd2 c6 7. Bc4 e6 8. O-O Bb4 9. a3 Bxc3 10. Bxc3 Qc7 11.
h3 O-O 12. Bd3 Bg6 13. Re1 Nbd7 14. Ne5 Nd5 15. Nxg6 hxg6 16. Bd2 c5 17. c4 Nf4 18. Qf3 Nxd3 19. Qxd3 Rad8 20. Rad1 cxd4 21. Bb4 Nc5 22. Qf3 b6 23. Bd2 e5 24. b4 Ne6 25.
Qd3 Rc8 26. Rc1 Rfe8 27. Qe4 Nf8 28. c5 Qd7 29. c6 Qf5 30. Qd5 Qe6 31. Qb5 Qa2 32.
Qd3 Qd5 33. b5 e4 34. Qf1 Ne6 35. a4 Nc5 36. a5 Nd3 37. axb6 axb6 38. Rb1 Nxe1 39.
Qxe1 e3 40. fxe3 dxe3 41. Bxe3 Qd3 42. Kf2 Rxe3 43. Qxe3 Qxb1 0-1

[Event "Late-Titled-Tuesday-Blitz-January-16-2024"]
[Site "Chess.com"]
[Date "2024.01.16"]
[Round "1"]
[White "Gyulamiryan-koryun"]
[Black "Jbd735"]
[Result "0-1"]
[WhiteElo "1662"]
[BlackElo "2529"]
[TimeControl "180+1"]
[EndTime "14:06:46 PST"]
[Termination "Jbd735 won on time"]

1. e4 c5 2. Nf3 Nc6 3. d4 cxd4 4. Nxd4 e5 5. Nb5 d6 6. N1c3 a6 7. Na3 b5 8. Nd5 Nge7 9. c4 Nxd5 10. exd5 Nd4 11.
Be3 Be7 12. Bxd4 exd4 13. Qxd4 O-O 14. cxb5 Bf6 15. Qb4 Re8+ 16. Be2 Qe7 17. Qd2 axb5 18. Nxb5 Ba6 19. Kf1 Qb7 20. Nxd6 Rxe2 21. Nxb7 Rxd2+ 22. Kg1 Bxb7 23. h4 Bxb2 24. Rb1 Bxd5 25. Rh3 Bxa2 26. Re1 g6 27. h5 Bd4 28. Rf3 gxh5 29. Re7 Be6 30. Rc7 Rd1+ 31. Kh2 Be5+ 32. g3 Bxc7 33. Kg2 Bd5 0-1

[Event "Late-Titled-Tuesday-Blitz-January-16-2024"]
[Site "Chess.com"]
[Date "2024.01.16"]
[Round "1"]
[White "Rodalquilar"]
[Black "ozen_metehan"]
[Result "0-1"]
[WhiteElo "2736"]
[BlackElo "2439"]
[TimeControl "180+1"]
[EndTime "14:06:47 PST"]
[Termination "ozen_metehan won on time"]

1. d4 Nf6 2. Nf3 e6 3. Bf4 c5 4. e3 cxd4 5. exd4 b6 6. c3 Bb7 7. Nbd2 Be7 8. Bd3 O-O 9. O-O d6 10. h3 Nbd7 11. Bh2 Re8 12. a4 a6 13. Re1 h6 14. Nc4 Qc7 15. Ne3 Bf8 16. Nd2 Rac8 17.
Qe2 Ra8 18. Rec1 g6 19. Ng4 Nxg4 20. hxg4 e5 21. dxe5 Nxe5 22. Be4 d5 23. Bc2 Bd6 24. Qd1 Qd7 25. Bxe5 Bxe5 26. Nb3 Bf4 27. Rcb1 Re7 28. Nd4 Rae8 29. Qf3 Be5 30. Rd1 Bc8 31. Bb3 Qxg4 32.
Bxd5 Qh4 33. g3 Qg5 34. Nc6 Bg4 35. Nxe7+ Rxe7 36. Qd3 Bxd1 37. Rxd1 h5 38. Kg2 h4 39.
Rh1 hxg3 40. fxg3 Kg7 41. Rd1 Bxg3 42. Qxg3 Re2+ 43. Kh3 Qh5+ 44. Qh4 Re3+ 0-1

[Event "Late-Titled-Tuesday-Blitz-January-16-2024"]
[Site "Chess.com"]
[Date "2024.01.16"]
[Round "1"]
[White "WilliamAlfaroCaracas"]
[Black "mightysmasher"]
[Result "1-0"]
[WhiteElo "2228"]
[BlackElo "2561"]
[TimeControl "180+1"]
[EndTime "14:06:48 PST"]
[Termination "WilliamAlfaroCaracas won by checkmate"]

1. e4 e6 2. d4 d5 3. Nd2 dxe4 4.
Nxe4 Nd7 5. Nf3 Ngf6 6. Ng3 c5 7.
Bd3 cxd4 8. O-O Bc5 9. Re1 O-O 10.
a3 a5 11. b3 Nb6 12. Bb2 Re8 13. Qd2 h6 14. Nxd4 a4 15. b4 Bd6 16. c4 Bb8 17. Rad1 Bc7 18. Qc2 Kh8 19. Nb5 Bxg3 20. hxg3 Bd7 21. Nd6 Rf8 22. Nxb7 Qe7 23. Qc1 Rac8 24.
Qf4 Bc6 25. Nd6 Rcd8 26. Nf5 e5 27. Nxe7 e4 28. Nxc6 Rxd3 29. Rxd3 exd3 30. Bxf6 gxf6 31. Qxh6+ Kg8 32. Re4 f5 33. Rh4 f6 34. Qg6# 1-0

[Event "Late-Titled-Tuesday-Blitz-January-16-2024"]
[Site "Chess.com"]
[Date "2024.01.16"]
[Round "1"]
[White "vova-79"]
[Black "jinxy2009"]
[Result "1-0"]
[WhiteElo "2608"]
[BlackElo "2257"]
[TimeControl "180+1"]
[EndTime "14:06:49 PST"]
[Termination "vova-79 won by resignation"]

1. d4 Nf6 2. c4 g6 3. Nf3 Bg7 4. g3 O-O 5. Bg2 d5 6. cxd5 Nxd5 7. O-O Nb6 8. Nc3 Nc6 9. e3 e5 10. d5 Ne7 11. e4 Nc4 12. b3 Nd6 13. Bb2 f5 14.
exf5 gxf5 15. Ng5 h6 16. Ne6 Bxe6 17. dxe6 Qe8 18. Nd5 Nxd5 19. Qxd5 Qe7 20. Bxe5 Bxe5 21. Qxe5 Rae8 22. Rfe1 Rf6 23. Rad1 Kh7 24. Bd5 c6 25.
Bc4 Nxc4 26. bxc4 Qxe6 27. Qa1 Qxc4 28. Rxe8 1-0

[Event "Late-Titled-Tuesday-Blitz-January-16-2024"]
[Site "Chess.com"]
[Date "2024.01.16"]
[Round "1"]
[White "adic2020"]
[Black "Incognito_Knight"]
[Result "0-1"]
[WhiteElo "2423"]
[BlackElo "2762"]
[TimeControl "180+1"]
[EndTime "14:06:50 PST"]
[Termination "Incognito_Knight won by resignation"]

1. Nf3 d5 2. d4 Nf6 3. Bf4 c5 4. e3 Nc6 5. Nbd2 cxd4 6. exd4 a6 7. c3 Bf5 8. Be2 h6 9. O-O e6 10. Re1 Bd6 11. Bxd6 Qxd6 12. Bf1 Qc7 13. Ne5 Nxe5 14. Rxe5 O-O 15. a4 Ng4 16. Nf3 Nxe5 17. Nxe5 f6 18. Nd3 Bxd3 19. Bxd3 e5 20. Bf5 exd4 21. Qxd4 Qe5 22.
Qxe5 fxe5 23. Be6+ Kh8 24. Bxd5 Rad8 25. c4 b5 26. b3 bxc4 27. bxc4 Rb8 28. Re1 Rb2 29. h4 Rfxf2 30. Rxe5 Rbe2 31. Be4 Rxg2+ 32. Kf1 Rgf2+ 33. Kg1 Rf8 34. Re6 a5 35. Bd5 Rxe6 36. Bxe6 Re8 37. Bd5 g5 38. hxg5 hxg5 39. Kf1 Kg7 40. Kf2 Kf6 41.
Kg3 Re3+ 42. Kg4 Rc3 43. Bg8 Ra3 44. c5 Rxa4+ 45. Kg3 Ra3+ 46. Kf2 Rc3 0-1

[Event "Late-Titled-Tuesday-Blitz-January-16-2024"]
[Site "Chess.com"]
[Date "2024.01.16"]
[Round "1"]
[White "thesupera12"]
[Black "shirovin"]
[Result "1-0"]
[WhiteElo "2543"]
[BlackElo "2009"]
[TimeControl "180+1"]
[EndTime "14:06:50 PST"]
[Termination "thesupera12 won by checkmate"]

1. d4 Nf6 2. Bg5 d5 3. Bxf6 gxf6 4. e3 Bg7 5. c4 c6 6. Nc3 f5 7. cxd5 cxd5 8. g3 O-O 9. Bg2 e6 10. Nge2 Nc6 11. O-O b6 12. Rc1 Bb7 13. Nf4 Kh8 14. Qh5 a6 15. Ncxd5 exd5 16. Bxd5 Qd7 17. Rc2 Nb4 18. Bxb7 Qxb7 19. Rc4 Nd5 20. Qxf5 Nxf4 21. Qxf4 Rac8 22. Rfc1 Rxc4 23. Rxc4 b5 24. Rc7 Qd5 25. b3 a5 26. Rc5 Qd7 27. Qg5 Rb8 28. h4 a4 29. h5 axb3 30. axb3 Qd8 31. Qf5 Qe8 32. Rc7 Ra8 33. Rxf7 Ra1+ 34. Kh2 Qa8 35. d5 Qe8 36. h6 Be5 37. Qxh7# 1-0

[Event "Late-Titled-Tuesday-Blitz-January-16-2024"]
[Site "Chess.com"]
[Date "2024.01.16"]
[Round "1"]
[White "IPAchess"]
[Black "tdf98pantani"]
[Result "0-1"]
[WhiteElo "2368"]
[BlackElo "2696"]
[TimeControl "180+1"]
[EndTime "14:06:51 PST"]
[Termination "tdf98pantani won by resignation"]

1. d4 d5 2. c4 c6 3. Nf3 Nf6 4. Nc3 dxc4 5. a4 Bf5 6. Ne5 Na6 7. e3 Nb4 8. Bxc4 e6 9. O-O Be7 10. Qe2 Bg6 11. Bd2 O-O 12. a5 a6 13. Rfd1 c5 14. dxc5 Qc7 15. Nxg6 hxg6 16. Na4 Bxc5 17. Rac1 Be7 18.
Bxe6 Qxa5 19. Bb3 Rac8 20. Ra1 Ne4 21. Be1 Qe5 22. f3 Nc5 23. Bc3 Qc7 24. Nxc5 Bxc5 25. Kh1 Rfd8 26. e4 Qe7 27. Rac1 Rxd1+ 28. Rxd1 Nc6 29. h3 Ba7 30. Qc4 Bb8 31. Qd5 Rd8 32. Qc4 Rxd1+ 33. Bxd1 Qd6 0-1

[Event "Late-Titled-Tuesday-Blitz-January-16-2024"]
[Site "Chess.com"]
[Date "2024.01.16"]
[Round "1"]
[White "wadsy27"]
[Black "JCVanDamme10"]
[Result "0-1"]
[WhiteElo "2615"]
[BlackElo "2325"]
[TimeControl "180+1"]
[EndTime "14:06:51 PST"]
[Termination "JCVanDamme10 won by resignation"]

1. e4 c5 2. Nf3 e6 3. c3 d5 4. exd5 Qxd5 5. d4 Nc6 6. Be2 Nf6 7. O-O cxd4 8. cxd4 Be7 9. Nc3 Qd6 10. Nb5 Qb8 11. g3 Nd5 12. Bg5 a6 13. Nc3 Bxg5 14. Nxg5 Nce7 15. Rc1 Bd7 16. Bd3 h6 17. Qh5 O-O 18.
Bh7+ Kh8 19. Nxd5 Nxd5 20. Nxf7+ Kxh7 21. Ne5 Be8 22. Qg4 Rf5 23. Qe4 Nf6 24. Qd3 Bb5 25. Qc2 Bxf1 26. g4 Bh3 27. gxf5 Bxf5 28. Qc4 Qd6 29. Rc3 Rf8 30. Qb3 b5 31. Rc6 Qxd4 32. Qg3 Qd1+ 0-1

[Event "Late-Titled-Tuesday-Blitz-January-16-2024"]
[Site "Chess.com"]
[Date "2024.01.16"]
[Round "1"]
[White "Harsha_Bharathakoti"]
[Black "JuniorJumper"]
[Result "0-1"]
[WhiteElo "2940"]
[BlackElo "2519"]
[TimeControl "180+1"]
[EndTime "14:06:52 PST"]
[Termination "JuniorJumper won by checkmate"]

1. e4 e5 2. Nf3 Nc6 3. Bb5 a6 4. Ba4 d6 5. O-O Bg4 6. c3 Qf6 7. d4 Bxf3 8. gxf3 b5 9. Bb3 exd4 10. f4 Qg6+ 11. Kh1 Qxe4+ 12. f3 Qf5 13. a4 Rb8 14.
axb5 axb5 15. cxd4 Nge7 16. Nc3 b4 17. Ne4 g6 18. d5 Nd8 19. Qd4 f6 20. Ng3 Qh3 21. Qxf6 Nf5 22. Re1+ Kd7 23. Nxf5 gxf5 24. Ba4+ c6 25.
dxc6+ Kc7 26. Re7+ Kc8 27. Re2 Qf1# 0-1

[Event "Late-Titled-Tuesday-Blitz-January-16-2024"]
[Site "Chess.com"]
[Date "2024.01.16"]
[Round "1"]
[White "chenxiaoyuer"]
[Black "ElDivis"]
[Result "1-0"]
[WhiteElo "2780"]
[BlackElo "2436"]
[TimeControl "180+1"]
[EndTime "14:06:53 PST"]
[Termination "chenxiaoyuer won by resignation"]

1. e4 c5 2. Nf3 d6 3. d4 cxd4 4. Nxd4 Nf6 5. Nc3 g6 6. Be2 Bg7 7. O-O O-O 8. Bg5 Nc6 9. Nb3 a5 10. a4 Be6 11. Kh1 Rc8 12. f4 Nb4 13. f5 Bc4 14.
Bxc4 Rxc4 15. Qe2 Qc8 16. Nxa5 Rxc3 17. bxc3 Qxc3 18. Rab1 Nxc2 19. Rfc1 Qxa5 20. Qxc2 Ra8 21. Rxb7 Qe5 22. Bxf6 Bxf6 23. Rb3 Kg7 24. Qc6 Qa5 25.
Ra3 Bb2 26. Ra2 Bxc1 27. Qxc1 Qe5 28. Qb1 Ra5 29. fxg6 hxg6 30. h3 Qf4 31. Qe1 Re5 32. Re2 Rc5 33. Qa1+ Qf6 34. Ra2 Ra5 35. Kh2 e5 36.
Qc3 Qf4+ 37. g3 Rxa4 38. gxf4 Rxa2+ 39. Kg3 f6 40. Qc7+ Kh6 41. Qxd6 Ra3+ 42. Qxa3 1-0

[Event "Late-Titled-Tuesday-Blitz-January-16-2024"]
[Site "Chess.com"]
[Date "2024.01.16"]
[Round "1"]
[White "Oleksandr_Bortnyk"]
[Black "cristianserban1"]
[Result "1-0"]
[WhiteElo "3109"]
[BlackElo "2525"]
[TimeControl "180+1"]
[EndTime "14:06:54 PST"]
[Termination "Oleksandr_Bortnyk won by resignation"]

1. e4 e5 2. Nf3 Nc6 3. Bb5 Nf6 4. O-O Nxe4 5. Re1 Nd6 6. Nxe5 Nxe5 7. Rxe5+ Be7 8.
Bf1 O-O 9. d4 Bf6 10. Re1 Re8 11. Bf4 Rxe1 12. Qxe1 Ne8 13. Nc3 Bxd4 14. Nd5 c6 15. Rd1 Bc5 16. b4 Bf8 17. Ne3 d5 18.
c4 Be6 19. cxd5 cxd5 20. Bc4 Qb6 21. Nxd5 Bxd5 22. Rxd5 Qxb4 23. Qxb4 Bxb4 24. Rd7 Rc8 25. Bxf7+ Kf8 26. Bb3 Be7 27. Rxb7 a5 28. g3 Ra8 29. a4 h6 30. h4 g5 31. hxg5 hxg5 32. Be5 Nd6 33.
Rb6 Ne4 34. Rh6 1-0

[Event "Late-Titled-Tuesday-Blitz-January-16-2024"]
[Site "Chess.com"]
[Date "2024.01.16"]
[Round "1"]
[White "jmpion"]
[Black "Grischuk"]
[Result "0-1"]
[WhiteElo "2523"]
[BlackElo "3088"]
[TimeControl "180+1"]
[EndTime "14:06:54 PST"]
[Termination "Grischuk won by resignation"]

1. e4 e5 2. Nf3 Nc6 3. Bb5 a6 4. Ba4 Nf6 5. d3 d6 6. c3 g6 7. O-O Bg7 8. Nbd2 O-O 9. h3 b5 10. Bb3 Nb8 11. a4 Bb7 12. Re1 Nbd7 13. Nf1 Nc5 14.
Bc2 Nxa4 15. Bxa4 bxa4 16. Qxa4 Nd7 17. Bg5 Qc8 18. Be3 Kh8 19. N1d2 f5 20. Nf1 Nf6 21. Bg5 Nh5 22. Ng3 Nxg3 23. fxg3 a5 24. Qb5 Ba6 25.
Qd5 Bb7 26. Qb5 Rb8 27. Qxa5 h6 28. Bd2 fxe4 29. dxe4 Rxf3 30. gxf3 Qxh3 31. Kf2 Qh2+ 32. Ke3 Qxg3 33. Qxc7 Rf8 34. Rf1 Bxe4 35. Kxe4 d5+ 36. Kd3 e4+ 37. Kc2 Qxc7 38. fxe4 Rxf1 39. Rxf1 Qc4 40. exd5 Qxf1 41. d6 Qf5+ 42. Kb3 Qd5+ 43. Kc2 Qxd6 44. b4 g5 45. c4 g4 46. Kb3 Qxd2 0-1